 Dungeon Crawl Stone Soup version 0.30-a0-709-gcdc1b43e22 (webtiles) character file.

Game seed: 8370778756153782456

5506 Fenrisus the Blocker (level 10, -3/90 (93) HPs)
             Began as a Minotaur Fighter on Jan 22, 2023.
             Was an Elder of Okawaru.
             Slain by an acid dragon (12 damage)
             ... on level 9 of the Dungeon.
             The game lasted 00:40:02 (8110 turns).

Fenrisus the Blocker (Minotaur Fighter)             Turns: 8110, Time: 00:40:03

HP:   -3/90 (93)    AC:  1    Str: 21    XL:     10   Next: 42%
MP:   9/9           EV: 10    Int:  5    God:    Okawaru [****..]
Gold: 387           SH:  0    Dex: 12    Spells: 9/9 levels left

rFire   . . .      SeeInvis .    a - +3 arbalest (freeze)
rCold   . . .      Faith    .    (shield currently unavailable)
rNeg    . . .      Spirit   .    b - +1 scale mail
rPois   .          Reflect  .    (helmet restricted)
rElec   .          Harm     .    (no cloak)
rCorr   .          Rampage  .    (no gloves)
Will    .....                    (no boots) Stlth
                                 s - amulet of regeneration
HPRegen 1.15/turn                l - +4 ring of slaying
MPRegen 0.11/turn                (no ring)

@: about to teleport, corroded, lightly drained
A: horns 2, retaliatory headbutt, hooves 1, weak 1
a: Renounce Religion, Heroism, Finesse


You were on level 9 of the Dungeon.
You worshipped Okawaru.
Okawaru was greatly pleased with you.
You visited 2 branches of the dungeon, and saw 10 of its levels.
You also visited: Ossuary.

You collected 387 gold pieces.

Inventory:

Hand Weapons
 a - a +3 arbalest of freezing (weapon)
 f - the +11 spear of the Harvest {flame, rPois rN+ Int+3}
   (You found it on level 3 of the Dungeon)

   Int:       It affects your intelligence (+3).
   rPois:     It protects you from poison.
   rN:        It protects you from negative energy.
 v - a +1 heavy battleaxe
 y - a +4 spear
 A - a +5 falchion
Missiles
 q - a throwing net
Armour
 b - a +1 scale mail (worn)
 c - a +0 buckler
 C - a +0 helmet
Jewellery
 d - an amulet of faith
 k - an amulet of reflection
 l - a +4 ring of slaying (left hand)
 s - an amulet of regeneration (around neck)
 t - a ring of wizardry
Wands
 o - a wand of polymorph (15)
 u - a wand of flame (19)
 E - a wand of mindburst (10)
Scrolls
 m - 2 scrolls of fog
 n - 9 scrolls of teleportation
 p - a scroll of torment
 F - 2 scrolls of amnesia
Potions
 e - a potion of haste {unknown}
 g - a potion of brilliance
 w - a potion of attraction {unknown}
 z - a potion of flight {unknown}
 G - a potion of lignification {unknown}
 H - a potion of cancellation {unknown}


   Skills:
 + Level 10.0 Fighting
 - Level 3.5(6.7) Axes
 - Level 9.0(9.3) Polearms
 + Level 0.1 Ranged Weapons
 + Level 10.0 Armour
 + Level 10.1 Shields


You had 9 spell levels left.
You didn't know any spells.
Your spell library contained the following spells:

 Spells                   Type           Power      Damage    Failure   Level
 Freeze                   Ice            0%         1d3       77%         1
 Frozen Ramparts          Ice            0%         1d1       98%         3
 Hailstorm                Conj/Ice       0%         3d3       98%         3
 Kindle Blastsparks       Fire/Tloc/Air  0%         2d10      98%         3
 Fulminant Prism          Conj/Hex       0%         3d5       100%        4
 Iskenderun's Mystic Bla  Conj/Tloc      0%         2d3       100%        4
 Passage of Golubria      Tloc           0%         N/A       100%        4
 Lee's Rapid Deconstruct  Erth           0%         3d4*      100%        5
 Yara's Violent Unravell  Hex/Tmut       0%         3d3       100%        5
 Chain Lightning          Conj/Air       0%         N/A       100%        9
 Fire Storm               Conj/Fire      0%         5d1       100%        9
 Shatter                  Erth           0%         3d5*      100%        9
 Tukima's Dance           Hex            Unusable   N/A       N/A         3

Dungeon Overview and Level Annotations

Branches:
Dungeon (9/15)             Temple (1/1) D:4         Ossuary (visited)
   Lair: D:8-11         Orc: D:9-12

Altars:
Ashenzari
Cheibriados
Dithmenos
Elyvilon
Gozag
Hepliaklqana
Makhleb
Nemelex Xobeh
Okawaru
Qazlal
Ru
Sif Muna
Trog
Uskayaw
Xom
Yredelemnul
Zin
The Shining One

Shops:
D:8 (


Innate Abilities, Weirdness & Mutations

You have a pair of horns on your head.
You reflexively headbutt those who attack you in melee.
You have large cloven feet.
You are weak. (Str -2)


Message History

You hear a shout!
The acid dragon closely misses you. You furiously retaliate!
You headbutt the acid dragon! The acid dragon claws you.
The acid dragon spits acid at you. The splash of acid hits you!
The acid corrodes you!
You hear a shout!
You shoot a bolt. The bolt hits the acid dragon!
The bolt freezes the acid dragon.
The acid dragon is almost dead.
The acid dragon bites you.
The acid dragon claws you but does no damage.
The acid dragon bites you!
The acid dragon claws you but does no damage.
You shoot a bolt.
The bolt closely misses the acid dragon.
The acid dragon spits acid at you. The splash of acid hits you!!
The acid corrodes you! The acid dragon bites you!
* * * LOW HITPOINT WARNING * * *
The acid dragon barely misses you.
Aiming: Throw Flame
Press: ? - help, Q - select action, (/) - cycle Shift-Dir - straight line, f/p - acid dragon
Aim: an acid dragon (almost dead, catching its breath, 68% to hit)
The puff of flame hits the acid dragon.
The acid dragon is almost dead.
The acid dragon bites you.
* * * LOW HITPOINT WARNING * * *
The acid dragon claws you.
* * * LOW HITPOINT WARNING * * *
As you read the scroll of teleportation, it crumbles to dust.
You feel strangely unstable. The acid dragon bites you.
* * * LOW HITPOINT WARNING * * *
The acid dragon barely misses you.
The acid dragon attacks as you move away!
The acid dragon bites you!
* * * LOW HITPOINT WARNING * * *
The acid dragon claws you.
* * * LOW HITPOINT WARNING * * *
The acid dragon attacks as you move away!
The acid dragon bites you!
You die...

..........# #.........# #...
..........######.........# #...
...............#.........#####...
...<...............<........)))..
...#....#......##############)...
......#.#............########)..#
..>.......#..................)...
..##.....#..#######..########....
..#######..##.)#@.##..#######....
#.........##..#D#..##............
#..########..#####..########.....
#..# #.R# ##..#...÷.#..##. #..#
#○# ##.#)###.#.#### #..# .°#
#.#)...#...#... ...# ..#
##.#.###.#.#.## ##.# ..
##..#...?.#.#... ...#
##..########..###


You could see an acid dragon.

Vanquished Creatures
  2 two-headed ogres
  A troll (D:8)
  A hornet (D:8)
  2 shadows (D:9)
  A vampire (D:9)
  A steam dragon (D:9)
  A water moccasin (D:5)
  An orc warrior (D:9)
  2 ice beasts
  2 black bears
  A sky beast (D:6)
  An ogre (D:6)
  2 centaurs
  A phantom (D:5)
  2 kobold brigands
  3 bullfrogs
  2 necrophages (D:5)
  2 gnoll sergeants
  2 scorpions
  6 wights
  4 jellies
  3 killer bees (D:9)
  4 electric eels (D:5)
  5 orc priests
  9 hounds
  3 iguanas (D:5)
  5 orc wizards
  2 mummies
  13 gnolls
  6 adders
  A shadow imp (D:8)
  4 white imps
  2 ufetubi
  4 worms
  5 dart slugs
  19 orcs
  5 spectral bats (Ossuary)
  5 endoplasms
  3 giant cockroaches
  12 gnoll zombies (Ossuary)
  11 goblins
  4 hobgoblins
  2 jackals (D:3)
  12 kobolds
  2 quokkas
  3 ball pythons
  9 bats
  3 bat simulacra (Ossuary)
  6 frilled lizards
  4 goblin simulacra (Ossuary)
  5 goblin zombies
  A hobgoblin zombie (Ossuary)
  4 kobold simulacra (Ossuary)
  8 kobold zombies (Ossuary)
  5 orc zombies (Ossuary)
  A quokka zombie (D:7)
  8 rats
  A rat simulacrum (Ossuary)
  2 spectral goblins (Ossuary)
  3 spectral kobolds (Ossuary)
  A spectral orc (D:8)
  4 spectral rats (Ossuary)
249 creatures vanquished.

Vanquished Creatures (others)
  A plant (D:5)
1 creature vanquished.

Grand Total: 250 creatures vanquished

Notes
Turn   | Place    | Note
-------+----------+-------------------------------------------
     0 | D:1      | Fenrisus the Minotaur Fighter began the quest for the Orb.
     0 | D:1      | Reached XP level 1. HP: 19/19 MP: 0/0
   250 | D:1      | Reached XP level 2. HP: 27/27 MP: 1/1
   805 | D:2      | Reached XP level 3. HP: 33/33 MP: 2/2
   830 | D:2      | Found a shimmering blue altar of Sif Muna.
  1423 | D:3      | Reached XP level 4. HP: 38/40 MP: 3/3
  1453 | D:3      | Noticed a moth of wrath
  1458 | D:3      | Found a bloodstained altar of Trog.
  1480 | D:3      | Identified the +11 spear of the Harvest {flame, rPois rN+
                  | Int+3}
  1757 | D:3      | Reached skill level 1 in Polearms
  1757 | D:3      | Reached XP level 5. HP: 47/47 MP: 4/4
  2156 | D:4      | Found a staircase to the Ecumenical Temple.
  2167 | Temple   | Entered the Ecumenical Temple
  2214 | Temple   | Became a worshipper of Warmaster Okawaru
  2422 | D:4      | Reached skill level 5 in Fighting
  2422 | D:4      | Reached skill level 5 in Armour
  2445 | D:4      | Reached skill level 5 in Shields
  2445 | D:4      | Reached XP level 6. HP: 56/56 MP: 5/5
  3287 | D:5      | Entered Level 5 of the Dungeon
  3287 | D:5      | Noticed a two-headed ogre
  3346 | D:5      | Found a transporter.
  3365 | D:5      | Reached XP level 7. HP: 61/62 MP: 6/6
  3374 | D:5      | Found a transporter.
  3422 | D:5      | Reached * piety under Okawaru
  3424 | D:5      | Found a hide-covered altar of Uskayaw.
  3460 | D:5      | Killed a two-headed ogre
  3460 | D:5      | Reached ** piety under Okawaru
  3461 | D:5      | Reached skill level 5 in Polearms
  3461 | D:5      | Reached XP level 8. HP: 61/73 MP: 7/7
  3819 | D:6      | Found a sparkling altar of Nemelex Xobeh.
  3819 | D:6      | Found an opulent altar of Gozag.
  3986 | D:6      | Reached *** piety under Okawaru
  4180 | D:6      | Reached XP level 9. HP: 81/81 MP: 8/8
  4186 | D:6      | Found a shimmering altar of Xom.
  4187 | D:6      | Found a shimmering altar of Xom.
  4187 | D:6      | Found a shimmering altar of Xom.
  5104 | D:7      | Found a sand-covered staircase.
  5115 | Ossuary  | Entered an ossuary
  6389 | D:8      | Found a snail-covered altar of Cheibriados.
  6412 | D:8      | Noticed a troll
  6418 | D:8      | Killed a troll
  6463 | D:8      | Gained mutation: You are weak. (Str -2) [potion of
                  | mutation]
  6463 | D:8      | Gained mutation: You have large cloven feet. [potion of
                  | mutation]
  6490 | D:8      | an acid dragon changed into a harpy
  6490 | D:8      | Noticed a harpy
  6601 | D:8      | Reached **** piety under Okawaru
  6792 | D:8      | Found a basalt altar of Yredelemnul.
  6856 | D:8      | Found a burning altar of Makhleb.
  6888 | D:8      | Found Yrow's Antique Weapon Emporium.
  6896 | D:8      | Reached XP level 10. HP: 89/91 MP: 9/9
  7191 | D:9      | Found a glowing golden altar of the Shining One.
  7710 | D:9      | Noticed a two-headed ogre
  7814 | D:9      | Killed a two-headed ogre
  7841 | D:9      | Reached skill level 10 in Fighting
  7841 | D:9      | Reached skill level 10 in Armour
  7841 | D:9      | Reached skill level 10 in Shields
  7981 | D:9      | Found a shadowy altar of Dithmenos.
  8110 | D:9      | Slain by an acid dragon

Illustrated notes

Levels and vault maps discovered:
D:1:      spicycebolla_arrival_ecumenical, layout_loops_ring,
          due_unseen_surprise
D:2:      layout_basic, basic_altar, minmay_cupped
D:3:      layout_basic, tgw_trog, hex_tiny
D:4:      layout_basic, minmay_temple_entry_trees
D:5:      gammafunk_steamed_eel, layout_rooms,
          mainiacjoe_overflow_concentric_impassable
D:6:      nicolae_BIG_FREAKIN_CUBE, layout_gridville, xom_redecorated,
          grunt_temple_overflow_opulence
D:7:      layout_basic, enter_ossuary_4
D:8:      layout_basic, slow_altar_1, yredelemnul_forgotten_temple_becter,
          makhleb_grotto_becter, kennysheep_windowed_goal
D:9:      minmay_the_grid_octo_tiled_squarecenter [minmay_the_grid_octo_clover,
          minmay_the_grid_octo_empty, minmay_the_grid_octo_vomiting_pacman,
          minmay_the_grid_octo_fat_diamond,
          minmay_the_grid_square_5x5_megaprize_diamond,
          minmay_the_grid_square_5x5_bite, minmay_the_grid_square_5x5_eight,
          minmay_the_grid_square_5x5_pentomino_r,
          minmay_the_grid_square_5x5_minibox], layout_basic,
          grunt_dithmenos_shadows, tso_oasis_becter
Temple:   hellmonk_temple_beads

Skill      XL: |  1  2  3  4  5  6  7  8  9 10 |
---------------+-------------------------------+-----
Fighting       | 4 5 7 9 10 | 10.0
Shields        | 4 5 7 9 10 | 10.1
Armour         | 4 5 7 9 10 | 10.0
Axes           | 3 |  3.5
Polearms       | 1 2 3 5 6 8 9 |  9.0
Ranged Weapons | |  0.1

Action                     |  1- 3 |  4- 6 |  7- 9 | 10-12 || total
---------------------------+-------+-------+-------+-------++-------
  Melee: War axe           |    78 |    15 |       |       ||    93
         Headbutt          |     6 |     6 |    35 |     5 ||    52
         Spear             |       |    74 |   221 |    26 ||   321
         Kick              |       |       |     3 |     3 ||     6
   Fire: Arbalest          |       |       |       |     7 ||     7
 Invoke: Heroism           |       |       |     1 |     2 ||     3
  Evoke: Wand              |       |     1 |     5 |     9 ||    15
    Use: Scroll            |     4 |     3 |     8 |    10 ||    25
         Potion            |       |     1 |     6 |     7 ||    14
   Stab: Distracted        |       |       |     1 |       ||     1
 Armour: Scale mail        |    44 |    12 |    35 |     6 ||    97
  Dodge: Dodged            |    33 |    15 |    44 |    13 ||   105
  Block: Buckler           |    18 |    21 |    28 |     4 ||    71
         Reflection        |     2 |     2 |       |       ||     4

Table legend: (Time is in decaauts)
 A = Elapsed time spent in this place.
 B = Non-inter-level travel time spent in this place.
 C = Inter-level travel time spent in this place.
 D = Time resting spent in this place.
 E = Time spent auto-exploring this place.
 F = Levels seen in this place.
 G = Mean time per level.
                   A        B        C        D        E       F      G
               +--------+--------+--------+--------+--------+-----+--------+
         Total |   8098 |   4039 |   4059 |    703 |   1645 |  11 |  736.2 |
       Dungeon |   7349 |   3407 |   3942 |    573 |   1603 |   9 |  816.6 |
        Temple |    165 |     48 |    117 |      0 |     42 |   1 |  165.0 |
       Ossuary |    582 |    582 |      0 |    130 |      0 |   1 |  582.0 |
               +--------+--------+--------+--------+--------+-----+--------+

Top non-repeatable levels by time:
     D:4: 1118 daAuts
     D:6: 1011 daAuts
     D:9: 989 daAuts
     D:7: 923 daAuts
     D:1: 713 daAuts
     D:2: 683 daAuts
     D:3: 679 daAuts
     D:8: 671 daAuts
 Ossuary: 582 daAuts
     D:5: 560 daAuts
  Temple: 165 daAuts
